 Dungeon Crawl Stone Soup version 0.20-a0-1116-gaa52201 (webtiles) character file.

354 TheGoonsmith the Chiller (level 6, -4/41 HPs)
             Began as a Barachi Ice Elementalist on May 8, 2017.
             Slain by a phantom (10 damage)
             ... on level 4 of the Dungeon.
             The game lasted 00:10:56 (4140 turns).

TheGoonsmith the Chiller (Barachi Ice Elementalist) Turns: 4140, Time: 00:10:56

Health: -4/41      AC:  3    Str:  9    XL:     6   Next: 63%
Magic:  0/10       EV: 12    Int: 17    God:
Gold:   236        SH:  0    Dex: 13    Spells: 3/10 levels left

rFire    . . .     SeeInvis .   s - +2 whip (pain)
rCold    . . .     Gourm    .   (no shield)
rNeg     . . .     Faith    .   a - +1 robe
rPois    .         Spirit   .   (no helmet)
rElec    .         Reflect  .   (no cloak)
rCorr    +         Harm     .   (no gloves)
MR       .....                  (no boots)
Stlth    ++........             v - amulet of regeneration
Regen    0.6/turn               (no ring)
MPRegen  0.2/turn               i - ring of resist corrosion

@: can't hop, invisible, slow
A: +LOS, swims, slowness 1, strong legs 1
a: Hop


You were on level 4 of the Dungeon.
You were hungry.

You visited 1 branch of the dungeon, and saw 4 of its levels.

You collected 236 gold pieces.

Inventory:

Hand Weapons
 e - a +0 spear
 s - a +2 whip of pain (weapon)
Armour
 a - a +1 robe (worn)
 h - a +0 shield
Jewellery
 i - a ring of resist corrosion (right hand)
 v - an amulet of regeneration (around neck)
Wands
 z - a wand of confusion (44/48)
Scrolls
 d - 2 scrolls of teleportation
 f - 2 scrolls of enchant weapon {unknown}
 j - a scroll of remove curse
 m - a scroll of fear
 p - 2 scrolls of blinking
 r - a scroll of identify
Potions
 k - a potion of lignification
 l - a potion of invisibility
 n - a potion of curing {unknown}
 o - a potion of brilliance {unknown}
Books
 b - a book of Frost

   Spells                             Type                      Level
   a - Freeze                         Ice                          1
   b - Throw Frost                    Conjuration/Ice              2
   c - Ozocubu's Armour               Charms/Ice                   3
   d - Throw Icicle                   Conjuration/Ice              4
   e - Summon Ice Beast               Ice/Summoning                4
Comestibles
 c - 2 bread rations
 g - 2 chunks of flesh
 q - 2 royal jellies
 t - 2 meat rations


   Skills:
 - Level 2.1 Dodging
 - Level 1.7 Stealth
 + Level 2.8 Spellcasting
 - Level 1.1 Conjurations
 - Level 4.0 Summonings
 - Level 7.2 Ice Magic


You had 3 spell levels left.
You knew the following spells:

 Your Spells              Type           Power        Failure   Level  Hunger
a - Freeze                Ice            ####         1%          1    #......
b - Throw Frost           Conj/Ice       ###...       4%          2    ##.....
c - Summon Ice Beast      Ice/Summ       ###.....     17%         4    #####..


Dungeon Overview and Level Annotations

Branches:
Dungeon (4/15)             Temple (0/1) D:4

Altars:
Ru


Innate Abilities, Weirdness & Mutations

Shadows flee at your approach. (+LOS)
You can swim through water.
You cover ground slowly.
You can hop short distances.


Message History

Floosh!
Boing!
You feel sick. The phantom closely misses you.
You feel sick. The phantom hits you!
* * * LOW HITPOINT WARNING * * *
Casting: Freeze
Confirm with . or Enter, or press ? or * to list all spells.
Okay, then.
Casting: Freeze
Confirm with . or Enter, or press ? or * to list all spells.
A chill wind blows around you.
You are feeling hungry.
The phantom closely misses you.
Okay, then.
You feel sick.
You are no longer poisoned.
Your ice beast closely misses the phantom.
You fade into invisibility!
The phantom hits you!
You die...

# **,,,,,** #......####..#**,*
#####+++#######.%......#*...,*,**
..............#........#*.##,,,,,
.......####.#.#........#*,***,,*,
#####.## #....†.....<..*,* **,*,
#..##**##...).#.#.$..,,****,*,
#.....,#........#,*##,,,,*,,,,
####......##..#.#,* **,,,,,,,, *
***.....###.@#...* *,*,*,,,, *
#,...##.###.W#*+##***,*,,,,,, **
*..#.##......#,,,*,,,,***,,,, ,**
*#...#####..Y#,,,****,* *,,,,
,,*####.....!#...#,,,* *** *****
*,,.....##≈≈.≈≈..#######*********
,,,.......≈#+#≈.........,,,,,,,,*
,,,........+_'..(#######,,,,>**,*
,,,.....!.≈#+#≈).# *****,**,*


You could see a phantom and a friendly ice beast.

Vanquished Creatures
  An iguana (D:4)
  3 worker ants (D:4)
  A worker ant zombie (D:3)
  A gnoll (D:3)
  11 adders
  An adder skeleton (D:4)
  A worm (D:3)
  3 dart slugs
  6 orcs (D:3)
  A ball python (D:2)
  13 bats
  A giant cockroach (D:2)
  4 goblins
  10 hobgoblins
  4 jackals (D:1)
  7 kobolds
  2 quokkas
  4 frilled lizards
  8 rats
82 creatures vanquished.

Vanquished Creatures (collateral kills)
  An ogre (D:4)
  A worm (D:4)
2 creatures vanquished.

Grand Total: 84 creatures vanquished

Notes
Turn   | Place    | Note
-------+----------+-------------------------------------------
     0 | D:1      | TheGoonsmith the Barachi Ice Elementalist began the quest for the Orb.
     0 | D:1      | Reached XP level 1. HP: 13/13 MP: 3/3
   242 | D:1      | Reached skill level 4 in Ice Magic
   321 | D:1      | Reached XP level 2. HP: 16/19 MP: 1/5
   478 | D:1      | Learned a level 2 spell: Throw Frost
  1005 | D:1      | Reached XP level 3. HP: 24/24 MP: 1/6
  1048 | D:1      | Reached skill level 5 in Ice Magic
  1868 | D:2      | Reached XP level 4. HP: 30/30 MP: 7/7
  2251 | D:3      | Reached skill level 6 in Ice Magic
  2787 | D:3      | Reached XP level 5. HP: 20/35 MP: 1/8
  2956 | D:3      | Reached skill level 7 in Ice Magic
  3233 | D:2      | Learned a level 4 spell: Summon Ice Beast
  3352 | D:3      | Reached skill level 1 in Summonings
  3476 | D:3      | Found a faded altar of an unknown god.
  3863 | D:4      | Reached XP level 6. HP: 30/41 MP: 0/9
  4090 | D:4      | Noticed a phantom
  4131 | D:4      | Found a sacrificial altar of Ru.
  4140 | D:4      | Slain by a phantom

Vault maps used:
D:1:      sevenhm_arrival_forest_fort_small_5
D:2:      roderic_roman_lattice
D:3:      first_bread, chequers_ecumenical_altar_twisty, minmay_joined_circles
D:4:      kennysheep_vampire_church, kennysheep_mini_moat,
          makhleb_altar_promises_db, amethyst_overflow_temple_binary,
          minmay_temple_entry_statues, eino_tiny_chamber

Skill      XL: |  1  2  3  4  5  6 |
---------------+-------------------+-----
Ice Magic      | 4 5 6 7 |  7.2
Summonings     | 2 4 |  4.0
Dodging        | |  2.1
Stealth        | |  1.7
Spellcasting   | |  2.8
Conjurations   | |  1.1

Action                   |  1- 3 |  4- 6 || total
-------------------------+-------+-------++-------
Melee: Unarmed           |     2 |       ||     2
       Spear             |    26 |    54 ||    80
       Whip              |       |    23 ||    23
 Cast: Freeze            |    53 |    61 ||   114
       Throw Frost       |     2 |    19 ||    21
       Summon Ice Beast  |       |     3 ||     3
 Abil: Hop               |       |     4 ||     4
  Use: Potion            |       |     2 ||     2
       Scroll            |       |    10 ||    10
 Stab: Distracted        |     2 |       ||     2
       Sleeping          |     3 |     3 ||     6
  Eat: Chunk             |     1 |     9 ||    10
       Bread ration      |     1 |       ||     1
Armor: Robe              |    15 |    14 ||    29
Dodge: Dodged            |    37 |    72 ||   109
